 Dungeon Crawl Stone Soup version 0.25-a0-589-g1e14c549ee (webtiles) character file.

Game seed: 5720528721331911701, levelgen mode: deterministic

30 Esekla the Ducker (level 3, 0/17 HPs)
             Began as a Spriggan Artificer on Mar 12, 2020.
             Slain by a bat (1 damage)
             ... on level 3 of the Dungeon.
             The game lasted 00:07:26 (1615 turns).

Esekla the Ducker (Spriggan Artificer)              Turns: 1615, Time: 00:07:27

Health: 0/17       AC:  2    Str:  8    XL:     3   Next: 5%
Magic:  7/7        EV: 19    Int: 13    God:
Gold:   49         SH:  0    Dex: 16    Spells: 4/4 levels left

rFire    . . .     SeeInvis +   a - +0 short sword
rCold    . . .     Gourm    .   (shield restricted)
rNeg     . . .     Faith    .   k - +0 robe (curse)
rPois    .         Spirit   .   (helmet restricted)
rElec    .         Reflect  .   (no cloak)
rCorr    .         Harm     .   (gloves unavailable)
MR       .....                  (boots unavailable)
Stlth    ++........             (no amulet)
HPRegen  0.05/turn              (no ring)
MPRegen  0.10/turn              (no ring)

@: very quick
A: very small, unfitting armour, see invisible, herbivore, speed 3, slow
metabolism 2
a: no special abilities


You were on level 3 of the Dungeon.
You were not hungry.

You visited 1 branch of the dungeon, and saw 3 of its levels.

You collected 49 gold pieces.

Inventory:

Hand Weapons
 a - a +0 short sword (weapon)
Missiles
 t - 10 poisoned darts (quivered)
Armour
 k - a cursed +0 robe (worn)
 u - a cursed +0 leather armour
Jewellery
 n - an uncursed amulet of faith
Wands
 c - a wand of flame (15)
 d - a wand of enslavement (15)
 e - a wand of random effects (15)
Scrolls
 g - a scroll of amnesia {unknown}
 i - 2 scrolls of teleportation {unknown}
 j - a scroll of fear
 m - a scroll of noise {unknown}
 p - a scroll of identify {unknown}
 s - a scroll of blinking {unknown}
Potions
 b - a potion of heal wounds {unknown}
 h - a potion of might {unknown}
 l - a potion of ambrosia {unknown}
 o - a potion of curing {unknown}
 q - 2 potions of resistance {unknown}
 r - a potion of magic {unknown}
Comestibles
 f - 3 rations


   Skills:
 - Level 0.7 Fighting
 * Level 1.9 Short Blades
 * Level 4.1 Dodging
 + Level 1.8 Stealth
 * Level 1.3 Spellcasting
 - Level 4.0 Evocations


You had 4 spell levels left.
You didn't know any spells.
Your spell library was empty.

Dungeon Overview and Level Annotations

Branches:
Dungeon (3/15)

Altars:
Ashenzari


Innate Abilities, Weirdness & Mutations

You are very small and have problems with some larger weapons.
You are too small for most types of armour.
You have supernaturally acute eyesight. (SInv)
You are a herbivore.
You cover ground extremely quickly.
You need to consume almost no food.


Message History

The bat barely misses you. x2
The bat completely misses you.
You hit the bat.
The bat is severely wounded.
The bat closely misses you. The bat hits you but does no damage.
The bat hits you.
* * * LOW HITPOINT WARNING * * *
You miss the bat.
The bat is severely wounded.
The bat closely misses you. The bat barely misses you.
The bat completely misses you. The bat misses you. The bat misses you.
The bat closely misses you. The bat hits you but does no damage.
There is an open door here.
The bat hits you.
You die...

#.......# #...b.K +.)..(..#
#...... #.......# #......
#...hgl.# ###....
######.......# ######..#
#####....g.......# #.......#
#......((........# #.......'
#.........##b########.......#
+..K.....###@#........#####..
#........# #.#........######.
#........# #.#...........# g
########.# #.......#.....# .
#.#########.#.....# .
#.g...l.....#.....# #
###################


You could see a leopard gecko, a jackal, a hobgoblin and a bat.

Vanquished Creatures
  An adder (D:2)
  A leopard gecko (D:1)
  An orc (D:2)
  3 bats
  2 giant cockroaches (D:2)
  6 goblins
  A hobgoblin (D:2)
  A frilled lizard (D:2)
  2 kobolds
  A rat (D:1)
19 creatures vanquished.

Notes
Turn   | Place    | Note
-------+----------+-------------------------------------------
     0 | D:1      | Esekla the Spriggan Artificer began the quest for the Orb.
     0 | D:1      | Reached XP level 1. HP: 9/9 MP: 4/4
   202 | D:1      | Found a shattered altar of Ashenzari.
   948 | D:2      | Reached XP level 2. HP: 14/14 MP: 6/6
  1025 | D:2      | Reached skill level 1 in Spellcasting
  1446 | D:3      | Reached XP level 3. HP: 8/17 MP: 7/7
  1615 | D:3      | Slain by a bat

Levels and vault maps discovered:
D:1:      beargit_arrival_greenhouse, layout_basic, hangedman_decor_push,
          ashenzari_altar_1
D:2:      layout_basic, lemuel_coloured_pillars_altar, first_ration,
          minmay_lizard_pond
D:3:      layout_basic, cheibrodos_sewer_entry_bend

Skill      XL: |  1  2 |
---------------+-------+-----
Spellcasting   | 1 |  1.3
Dodging        | 4 |  4.1
Fighting       | |  0.7
Short Blades   | |  1.9
Stealth        | |  1.8
Evocations     | |  4.0

Action                   || total
-------------------------++-------
Melee: Short sword       ||    75
  Use: Scroll            ||     1
 Stab: Distracted        ||     1
       Sleeping          ||     1
Armor: Robe              ||    25
Dodge: Dodged            ||   130

Table legend:
 A = Non-vault XP
 B = Vault XP
 C = Vault XP percentage of total XP
 D = Non-vault monster count
 E = Vault monster count
 F = Vault count percentage of total count
                 A         B        C        D         E       F
            +---------+---------+-------+---------+---------+-------
      Total |      44 |       0 |   0.0 |      19 |       0 |   0.0
            +---------+---------+-------+---------+---------+-------
        D:1 |      10 |       0 |   0.0 |       6 |       0 |   0.0
        D:2 |      30 |       0 |   0.0 |      11 |       0 |   0.0
        D:3 |       4 |       0 |   0.0 |       2 |       0 |   0.0
            +---------+---------+-------+---------+---------+-------
